 Dungeon Crawl Stone Soup version 0.21-a0-476-gd103f4b (webtiles) character file.

30 Laiders the Shield-Bearer (level 3, 0/29 HPs)
             Began as a Formicid Fighter on Nov 23, 2017.
             Killed from afar by an orc wizard (5 damage)
             ... with a magic dart
             ... on level 4 of the Dungeon.
             The game lasted 00:01:11 (330 turns).

Laiders the Shield-Bearer (Formicid Fighter)         Turns: 330, Time: 00:01:12

Health: 0/29       AC:  6    Str: 26    XL:     3   Next: 35%
Magic:  3/3        EV:  8    Int:  7    God:
Gold:   19         SH:  0    Dex: 10    Spells: 2/2 levels left

rFire    . . .     SeeInvis +   a - +0 flail
rCold    . . .     Gourm    .   c - +0 shield
rNeg     + . .     Faith    .   b - +0 scale mail
rPois    .         Spirit   .   (helmet unavailable)
rElec    .         Reflect  .   (no cloak)
rCorr    .         Harm     .   (no gloves)
MR       .....                  (no boots)
Stlth    ..........             (no amulet)
HPRegen  0.09/turn              i - ring of positive energy
MPRegen  0.08/turn              (no ring)

@: confused, mighty
A: permanent stasis, dig shafts and tunnels, four strong arms, antennae 3
a: Dig, Shaft Self


You were on level 4 of the Dungeon.
You were not hungry.

You visited 1 branch of the dungeon, and saw 4 of its levels.

You collected 19 gold pieces.

Inventory:

Hand Weapons
 a - a +0 flail (weapon)
Armour
 b - a +0 scale mail (worn)
 c - a +0 shield (worn)
Jewellery
 i - a ring of positive energy (left hand)
Scrolls
 e - a scroll of blinking {unknown}
 h - a scroll of fog {unknown}
Comestibles
 f - a bread ration
 g - 3 chunks of flesh


   Skills:
 - Level 3.2 Fighting
 + Level 2.8 Maces & Flails
 - Level 3.2 Armour
 + Level 4.4 Shields


You had 2 spell levels left.
You didn't know any spells.

Dungeon Overview and Level Annotations

Branches:
Dungeon (4/15)
 Temple: D:4-7

Altars:


Innate Abilities, Weirdness & Mutations

You cannot be hasted, slowed, berserked, paralysed or teleported.
You can dig through walls and to a lower floor.
Your four strong arms can wield two-handed weapons with a shield.
You have a pair of large antennae on your head. (SInv)


Message History

You bump into the rock wall.
The orc closely misses you. The orc wizard barely misses you.
You bump into the rock wall.
The orc completely misses you. The orc wizard barely misses you.
You miss the orc wizard.
The orc wizard is lightly wounded.
The orc hits you.
The orc wizard hits you but does no damage.
You sock the orc!
You kill the orc!
The orc wizard gestures at you while chanting.
The puff of flame hits you!
* * * LOW HITPOINT WARNING * * *
The orc closely misses you.
You bump into the rock wall.
The orc wizard hits you but does no damage.
You bump into the rock wall.
The orc hits you but does no damage. The orc wizard casts a spell at you.
The magic dart hits you!
You die...

######
#@o..# {
#o##'# <.o.
...
#.#...o....
#.#........#
# #........#
###...[..#
......#


You could see an orc wizard and 2 orcs.

Vanquished Creatures
  An adder (D:3)
  2 orcs (D:4)
  3 goblins (D:1)
  2 hobgoblins
  6 jackals
  A kobold (D:1)
15 creatures vanquished.

Notes
Turn   | Place    | Note
-------+----------+-------------------------------------------
     0 | D:1      | Laiders the Formicid Fighter began the quest for the Orb.
     0 | D:1      | Reached XP level 1. HP: 18/18 MP: 1/1
   154 | D:1      | Reached XP level 2. HP: 23/24 MP: 2/2
   157 | D:1      | Reached skill level 4 in Shields
   276 | D:3      | Reached XP level 3. HP: 29/29 MP: 3/3
   330 | D:4      | Killed from afar by an orc wizard

Vault maps used:
D:1:      scummos_arrival_hexagon, hex_tiny
D:2:      lemuel_doored_altar, tso_oasis_becter, first_bread, dk_noncrumbling_4,
          minmay_tetromino_l2
D:4:      vehumet_statue, gup_sewer_entry_bowl, st_stairs_14, amethyst_killhole,
          uniq_ijyb

Skill      XL: |  1  2 |
---------------+-------+-----
Shields        | 4 |  4.4
Fighting       | |  3.2
Maces & Flails | |  2.8
Armour         | |  3.2

Action                   || total
-------------------------++-------
Melee: Flail             ||    56
  Use: Potion            ||     1
Armor: Scale mail        ||    24
Dodge: Dodged            ||    29
Block: Shield            ||    41

Table legend:
 A = Spawn XP
 B = Non-spawn XP
 C = Spawn XP percentage of total XP
 D = Spawn monster count
 E = Non-spawn monster count
 F = Spawn count percentage of total count
 G = Total turns spent on level
                    A         B        C        D         E        F      G
               +---------+---------+-------+---------+---------+-------+---------
         Total |       0 |      43 |   0.0 |       0 |      15 |   0.0 |   330
               +---------+---------+-------+---------+---------+-------+---------
           D:1 |       0 |      16 |   0.0 |       0 |       8 |   0.0 |   226
           D:3 |       0 |      21 |   0.0 |       0 |       5 |   0.0 |    74
           D:4 |       0 |       6 |   0.0 |       0 |       2 |   0.0 |    26
               +---------+---------+-------+---------+---------+-------+---------
